Map: Tritón EE

Players

Serral

  • Race: Zerg Zerg
  • League: Master
  • Spawn Location: 11:00

Cure - Winner!

  • Race: Terran Terran
  • League: Master
  • Spawn Location: 5:00

VOD

Have the link to the VOD?

Description

Time

  • Played on: Jan. 14, 2020, 3:16 p.m.
  • Length: 12:28
Show
View Real Time Build Order
Export as new Build Order

Serral Zerg 

Build Orders: Hatch First 

Get SALT Encoding   

  12  0:00  Drone  
  13  0:12  Overlord  
  13  0:16  Drone  
  14  0:30  Drone x2  
  16  0:47  Hatchery  
  15  0:51  Drone  
  15  0:55  Drone  
  17  0:58  Drone  
  18  1:09  Extractor  
  17  1:13  Spawning Pool  
  17  1:16  Drone  
  17  1:19  Drone  
  18  1:27  Drone  
  19  1:38  Drone  
  20  1:49  Overlord  
  20  2:00  Queen x2  
  20  2:01  Zergling x4  
  26  2:11  Drone x2  
  28  2:23  Hatchery  
  28  2:29  Metabolic Boost  
  27  2:32  Drone  
  27  2:35  Drone  
  28  2:40  Drone  
  29  2:45  Queen  
  29  2:50  Overlord  
  31  2:53  Drone  
  31  2:56  Drone  
  31  2:58  Drone  
  34  3:00  Drone  
  34  3:04  Pneumatized Carapace  
  35  3:10  Drone  
  36  3:12  Overlord  
  36  3:14  Drone  
  36  3:17  Drone  
  36  3:18  Drone  
  39  3:23  Drone x2  
  41  3:28  Queen  
  41  3:33  Overlord  
  43  3:37  Queen  
  43  3:40  Drone  
  47  3:41  Drone  
  47  3:44  Zergling x2  
  47  3:47  Drone x2  
  50  3:50  Zergling x2  
  50  3:51  Drone  
  50  3:52  Drone  
  53  3:56  Overlord  
  53  3:57  Drone  
  53  3:58  Drone  
  53  4:01  Drone  
  53  4:02  Drone  
  57  4:07  Queen  
  57  4:09  Zergling x2  
  61  4:10  Zergling x2  
  61  4:12  Overlord  
  61  4:14  Zergling x2  
  62  4:18  Drone x2  
  62  4:22  Drone, Baneling Nest  
  64  4:27  Drone x4  
  64  4:31  Zergling x2  
  69  4:32  Lair  
  69  4:35  Spore Crawler, Extractor  
  67  4:38  Drone x2  
  67  4:39  Drone  
  67  4:44  Zergling x4  
  72  4:50  Zergling x2  
  72  4:52  Drone  
  74  4:53  Drone x2  
  74  4:54  Drone  
  75  5:02  Drone x5  
  75  5:06  Drone x2  
  72  5:11  Queen  
  72  5:13  Drone  
  75  5:17  Overlord  
  75  5:18  Overlord  
  75  5:29  Extractor  
  75  5:31  Overseer  
  75  5:32  Overlord  
  75  5:33  Evolution Chamber  
  75  5:34  Extractor, Evolution Chamber  
  71  5:38  Zergling x2  
  71  5:39  Zergling x8  
  71  5:42  Drone x3  
  79  5:50  Drone x3  
  79  5:54  Hatchery  
  79  5:55  Hatchery  
  80  5:58  Zergling x2  
  80  5:59  Zerg Melee Weapons Level 1  
  80  6:00  Zerg Ground Armor Level 1  
  81  6:04  Zergling x10  
  81  6:10  Baneling x6  
  81  6:11  Overlord  
  86  6:14  Zergling x2, Drone x3  
  86  6:18  Zergling x2  
  91  6:27  Zergling x10  
  91  6:32  Zergling x2, Baneling x4  
  97  6:33  Zergling x6  
  97  6:37  Zergling x2  
  100  6:40  Centrifical Hooks  
  100  6:43  Zergling x10  
  101  6:51  Zergling x2  
  95  6:58  Zergling x10  
  99  7:07  Baneling x11  
  99  7:08  Zergling x10  
  102  7:13  Zergling x12  
  102  7:14  Zergling x2  
  111  7:21  Queen  
  111  7:22  Zergling x8  
  116  7:23  Overlord  
  116  7:28  Baneling x10  
  116  7:29  Baneling  
  116  7:30  Zergling x2  
  116  7:32  Overlord x2  
  116  7:33  Overlord  
  117  7:38  Zergling x2  
  117  7:42  Zergling x16  
  126  7:46  Baneling x8  
  126  7:49  Overlord x2  
  126  7:56  Zerg Melee Weapons Level 2  
  125  8:04  Zergling x10  
  125  8:05  Zergling x20  
  124  8:09  Drone x6  
  125  8:13  Overseer  
  125  8:17  Hydralisk Den, Hatchery  
  123  8:25  Extractor  
  123  8:26  Drone x3  
  121  8:27  Drone x4  
  121  8:34  Drone  
  126  8:36  Zergling x18  
  126  8:37  Baneling x3  
  126  8:38  Baneling  
  126  8:40  Baneling x8  
  134  8:47  Baneling x3  
  134  8:51  Zergling x20  
  144  8:56  Baneling x3  
  144  9:07  Zergling x14  
  144  9:08  Zergling x10  
  153  9:12  Baneling x8  
  150  9:17  Baneling x5  
  150  9:21  Zergling x22  
  150  9:30  Queen  
  148  9:38  Overlord x7  
  148  9:41  Overlord  
  148  9:44  Baneling  
  148  9:45  Baneling x10  
  148  9:53  Zerg Ground Armor Level 2  
  148  9:55  Zergling x18  
  154  10:04  Queen  
  154  10:06  Zergling x18  
  163  10:13  Zergling x16  
  162  10:18  Grooved Spines  
  161  10:24  Infestation Pit, Baneling x7  
  161  10:26  Zergling x12, Baneling x2  
  166  10:30  Zergling x8  
  166  10:32  Hydralisk  
  166  10:33  Zergling x2  
  166  10:34  Zergling x2  
  174  10:44  Hydralisk x4  
  174  10:45  Zergling x8  
  174  10:48  Zergling x6  
  174  10:49  Zergling x2  
  187  10:57  Zergling x18  
  193  11:18  Hydralisk x2  
  187  11:19  Zergling x22  
  150  11:27  Zergling x2  
  150  11:28  Zergling x12  
  150  11:31  Zergling x24  
  158  11:35  Baneling x5  
  138  11:40  Zergling x6  
  138  11:44  Baneling x8  
  127  11:52  Hydralisk x3  
  106  12:02  Drone x3, Overlord  
  106  12:04  Baneling x6  
Show
View Real Time Build Order
Export as new Build Order

Cure Terran - Winner!

Build Orders: Liberator Opening, Reaper Expand 

Get SALT Encoding   

  12  0:00  SCV  
  13  0:12  SCV  
  14  0:17  Supply Depot  
  14  0:24  SCV  
  15  0:38  SCV  
  15  0:40  Barracks  
  16  0:43  Refinery  
  16  0:51  SCV  
  17  1:03  SCV  
  18  1:15  SCV  
  19  1:26  Reaper  
  19  1:27  Orbital Command  
  20  1:38  Command Center  
  20  1:45  Supply Depot  
  20  1:53  SCV  
  21  1:58  Marine  
  22  2:05  SCV  
  23  2:09  Factory  
  23  2:17  SCV  
  23  2:20  Barracks Reactor  
  24  2:29  SCV  
  25  2:41  SCV  
  25  2:43  Command Center  
  26  2:50  Orbital Command  
  26  2:53  Refinery  
  26  2:55  SCV  
  27  3:03  Starport  
  27  3:07  SCV  
  27  3:11  Marine  
  29  3:17  SCV  
  29  3:19  SCV  
  31  3:21  Hellion  
  31  3:22  Hellion, Liberator  
  35  3:30  SCV  
  35  3:31  SCV  
  35  3:33  Supply Depot  
  40  3:42  SCV  
  40  3:43  SCV  
  40  3:48  Hellion x2  
  46  3:55  Orbital Command  
  46  3:56  SCV x2  
  46  3:58  Barracks Tech Lab  
  48  4:08  SCV x2  
  48  4:09  Hellion x2  
  54  4:16  Supply Depot  
  54  4:18  Marine  
  54  4:20  SCV x2, Stimpack  
  57  4:24  Orbital Command  
  57  4:32  SCV x2  
  57  4:36  Barracks  
  57  4:37  Barracks  
  59  4:38  Supply Depot  
  59  4:39  Factory Reactor  
  59  4:40  Marine  
  59  4:43  Starport Reactor  
  59  4:44  SCV x2  
  62  4:49  Engineering Bay  
  62  4:50  Refinery, Engineering Bay  
  62  4:52  SCV  
  63  4:56  SCV x2  
  65  5:04  SCV  
  65  5:05  Marine  
  65  5:08  SCV x2  
  67  5:15  Supply Depot  
  67  5:16  SCV  
  67  5:17  Terran Infantry Weapons Level 1, Refinery, Terran Infantry Armor Level 1  
  67  5:20  SCV x2  
  67  5:23  Marine  
  67  5:26  Factory Tech Lab  
  67  5:27  Marine, Supply Depot  
  67  5:28  SCV, Medivac  
  72  5:29  Marine, Medivac  
  72  5:30  Marine x2  
  72  5:32  SCV  
  72  5:34  SCV  
  79  5:40  SCV, Marine  
  81  5:45  Marine  
  81  5:46  SCV x2  
  81  5:47  Marine x2  
  81  5:48  Supply Depot  
  86  5:54  Siege Tank  
  86  5:56  Marine  
  86  5:58  Marine  
  86  6:01  Combat Shield  
  86  6:03  Marine  
  88  6:05  Marine x2  
  88  6:09  SCV x2  
  88  6:10  SCV  
  93  6:15  Marine  
  93  6:16  Marine  
  93  6:17  Supply Depot  
  95  6:20  Supply Depot  
  95  6:21  Marine  
  95  6:23  Marine x2, Barracks  
  95  6:24  Barracks, Armory  
  98  6:28  Siege Tank  
  98  6:32  Medivac x2  
  105  6:34  SCV x3  
  105  6:37  Refinery  
  105  6:38  Refinery  
  101  6:47  Marine x4  
  101  6:48  Marine  
  101  6:52  SCV x3  
  100  7:04  Siege Tank  
  100  7:05  Marine x5, Supply Depot  
  100  7:07  Supply Depot  
  107  7:09  Supply Depot  
  107  7:12  SCV x3  
  107  7:14  Barracks Reactor x2  
  110  7:16  Terran Infantry Weapons Level 2  
  110  7:20  Terran Infantry Armor Level 2  
  110  7:23  Marine x5  
  110  7:28  Terran Vehicle And Ship Armor Level 1  
  115  7:32  SCV x3  
  118  7:41  Marine x4, Siege Tank  
  125  7:46  Factory  
  125  7:48  Medivac  
  127  7:52  Marine x5  
  132  7:59  Marine x4  
  123  8:08  SCV x3  
  123  8:10  Marine x4  
  123  8:11  Marine, Command Center  
  125  8:13  Siege Tank  
  125  8:15  Medivac  
  125  8:16  Marine x2  
  125  8:17  Marine x2  
  125  8:19  Supply Depot  
  131  8:28  Marine x5  
  131  8:31  Factory Reactor  
  131  8:32  Drilling Claws  
  136  8:34  Marine x4  
  136  8:37  Barracks  
  136  8:39  Barracks x2  
  140  8:45  Marine  
  140  8:46  Marine x3, Widow Mine  
  140  8:48  Marine  
  147  8:52  Marine x2  
  149  8:56  Supply Depot  
  149  8:58  Supply Depot  
  149  8:59  Supply Depot x2  
  149  9:00  Supply Depot  
  149  9:07  Marine, Medivac  
  149  9:08  SCV x2  
  149  9:09  SCV  
  141  9:18  Marine x8  
  141  9:20  SCV x2  
  141  9:21  SCV  
  150  9:24  Marine  
  145  9:33  SCV x2, Marine x2  
  145  9:34  Marine  
  145  9:36  Marine  
  151  9:44  Marine x4  
  155  9:50  Medivac x2, Widow Mine  
  155  9:51  Marine x4, Widow Mine x2  
  169  9:53  Barracks Tech Lab x3  
  167  10:03  Planetary Fortress  
  167  10:04  SCV  
  165  10:08  SCV x2  
  167  10:16  SCV  
  167  10:20  SCV  
  167  10:21  SCV  
  170  10:23  Marine x2  
  170  10:24  Marauder  
  175  10:28  SCV  
  175  10:33  Marine x4, Concussive Shells, Marauder x3  
  185  10:36  SCV  
  185  10:37  SCV  
  185  10:40  SCV  
  188  10:44  Marine x4  
  188  10:45  Marauder  
  194  10:50  Marine  
  194  10:53  SCV x4  
  194  10:54  Marauder  
  189  11:02  Marine x6  
  189  11:03  Marauder x2  
  199  11:05  SCV  
  200  11:24  Command Center  
  180  11:25  Marine x2  
  180  11:26  Marine x2, Marauder x2  
  180  11:28  Widow Mine x3  
  188  11:38  Supply Depot x2  
  176  11:47  Supply Depot  
  176  11:48  Supply Depot  
  148  11:59  Marine x3  
  148  12:00  Marine, SCV x4, Widow Mine  
  156  12:09  Marine, Supply Depot  
  156  12:10  Supply Depot  
  156  12:11  Supply Depot  
  156  12:12  SCV x4  
Tags
 
Add a new tag
Caveats
  • Supply blocks, unpowered buildings, or Contaminate may cause inaccurate times.
  • Supply counts are checked every 10 seconds.